[Event "WSCC 50 Open 2017"]
[Site "?"]
[Date "2017.11.16"]
[Round "9"]
[White "Jhunjhnuwala, Krishan"]
[Black "Biro, Sandor"]
[Result "1/2-1/2"]
[ECO "B00"]
[WhiteElo "2340"]
[BlackElo "2168"]
[PlyCount "112"]
[EventDate "2017.??.??"]
[EventType "swiss"]
[EventCountry "ITA"]
[SourceTitle "Acqui Terme"]
[TimeControl "40/5400+30:1800+30"]
[WhiteClock "0:21:40"]
[BlackClock "0:27:45"]

1. e4 Nc6 2. d4 d5 3. e5 f6 4. f4 fxe5 5. fxe5 Bf5 6. Nf3 e6 7. Bb5 Nge7 8. O-O h6 9. Nh4 Bh7 10. Qf3 Kd7 11. c4 Kc8 12. Be3 Nb4 13. Na3 Kb8 14. Rac1 a6 15. Ba4 g5 16. Qf6 Rg8 17. Nf3 dxc4 18. Qxe6 Nbd5 19. Bc2 Nxe3 20. Bxh7 Rg7 21. Rfe1 N7d5 22. Be4 Nf4 23. Qf6 Qxf6 24. exf6 Nexg2 25. fxg7 Bxg7 26. Red1 Ka7 27. Nxc4 g4 28. Nfe5 Nh4 29. Rd2 Rf8 30. Bg2 Nhxg2 31. Rxg2 Nh3+ 32. Kh1 Nf2+ 33. Rxf2 Rxf2 34. Nxg4 Rf4 35. Nce5 Rxd4 36. Rxc7 Rd1+ 37. Kg2 Rd2+ 38. Kg3 Bxe5+ 39. Nxe5 Rxb2 40. a4 Rb3+ 41. Kh4 Kb6 42. Rc4 Ka5 43. Kg4 Rb4 44. Kh5 Kxa4 45. Kxh6 Rxc4 46. Nxc4 b5 47. Nd2 Kb4 48. h4 a5 49. h5 a4 50. Nb1 a3 51. Nxa3 Kxa3 52. Kg5 b4 53. h6 b3 54. h7 b2 55. h8=Q b1=Q 56. Qa8+ Kb2 1/2-1/2

[Event "WSCC 50 Open 2017"]
[Site "?"]
[Date "2017.11.16"]
[Round "9"]
[White "Petran, Peter"]
[Black "Grant, Jonathan I M"]
[Result "0-1"]
[ECO "A00"]
[WhiteElo "2330"]
[BlackElo "2179"]
[PlyCount "78"]
[EventDate "2017.??.??"]
[EventType "swiss"]
[EventCountry "ITA"]
[SourceTitle "Acqui Terme"]
[TimeControl "40/5400+30:1800+30"]
[WhiteClock "0:05:30"]
[BlackClock "0:03:38"]

1. g3 c5 2. Bg2 Nc6 3. e4 g6 4. Ne2 Bg7 5. c3 e5 6. d3 Nge7 7. Be3 d6 8. O-O O-O 9. d4 cxd4 10. cxd4 d5 11. Nbc3 Bg4 12. f3 dxe4 13. fxg4 exd4 14. Nxd4 Nxd4 15. Nxe4 Nec6 16. g5 Nf5 17. Bc5 Bd4+ 18. Bxd4 Qxd4+ 19. Qxd4 Ncxd4 20. Rf2 Kg7 21. Nc5 Rac8 22. Nxb7 Ne6 23. h4 Rc7 24. Rd1 Ne3 25. Rd3 Nxg2 26. Nd6 Ne1 27. Rd1 Nc2 28. Nb5 Rc5 29. Nxa7 Ncd4 30. a4 Ra5 31. Nb5 Nxb5 32. axb5 Rxb5 33. Rd7 Rc5 34. b4 Rc7 35. Rxc7 Nxc7 36. Rb2 Rb8 37. Kf2 Rb5 38. Ke2 Na6 39. Kd3 Rxb4 {[%emt 0:00:13] Kd4} 0-1

[Event "WSCC 50 Open 2017"]
[Site "?"]
[Date "2017.11.16"]
[Round "9"]
[White "Welling, Gerard"]
[Black "Larsen, Peter"]
[Result "1-0"]
[ECO "A48"]
[WhiteElo "2316"]
[BlackElo "2286"]
[PlyCount "101"]
[EventDate "2017.??.??"]
[EventType "swiss"]
[EventCountry "ITA"]
[SourceTitle "Acqui Terme"]
[TimeControl "40/5400+30:1800+30"]
[WhiteClock "0:48:26"]
[BlackClock "0:19:50"]

1. d4 Nf6 2. Nf3 g6 3. Nc3 d5 4. Bf4 Bg7 5. e3 O-O 6. Be2 c5 7. Ne5 cxd4 8. exd4 Nc6 9. O-O Qb6 10. Nxc6 Qxc6 11. Re1 e6 12. Bb5 Qb6 13. a4 Ne4 14. a5 Qxd4 15. Qxd4 Bxd4 16. Nxe4 dxe4 17. c3 Bf6 18. Bc7 e5 19. Rxe4 Bf5 20. Ree1 Rfc8 21. Bxe5 Rc5 22. Bxf6 Rxb5 23. b4 Be6 24. Rad1 Rf5 25. Bd4 Rd5 26. Bc5 Rxd1 27. Rxd1 a6 28. Rd6 g5 29. h3 Rc8 30. Kh2 h6 31. g4 Kh7 32. Kg3 Rc6 33. Rd2 Kg6 34. h4 h5 35. gxh5+ Kxh5 36. hxg5 Kxg5 37. Rd4 Rc7 38. Re4 Kf5 39. Rf4+ Ke5 40. f3 Rd7 41. Re4+ Kf5 42. Bd4 Rd8 43. Rf4+ Kg6 44. Rf6+ Kh7 45. Rf4 Kg6 46. Rh4 Kg5 47. Be3+ Kg6 48. Rh6+ Kg7 49. Rh5 Rd3 50. Bd4+ Kf8 51. Bf6 1-0

[Event "WSCC 50 Open 2017"]
[Site "?"]
[Date "2017.11.16"]
[Round "9"]
[White "Prasad, Devaki V"]
[Black "Sarno, Spartaco"]
[Result "1-0"]
[ECO "B09"]
[WhiteElo "2290"]
[BlackElo "2327"]
[PlyCount "47"]
[EventDate "2017.??.??"]
[EventType "swiss"]
[EventCountry "ITA"]
[SourceTitle "Acqui Terme"]
[TimeControl "40/5400+30:1800+30"]
[WhiteClock "0:20:20"]
[BlackClock "0:13:33"]

1. e4 d6 2. d4 Nf6 3. Nc3 g6 4. f4 Bg7 5. Nf3 O-O 6. e5 Nfd7 7. Bc4 c5 8. e6 Nb6 9. exf7+ Kh8 10. Bd3 cxd4 11. Ne4 Nc6 12. h4 Rxf7 13. Nfg5 Rf8 14. h5 h6 15. hxg6 Qe8 16. Qh5 Kg8 17. g4 d5 18. Ne6 Bxe6 19. f5 Bxf5 20. gxf5 dxe4 21. Bxh6 e6 22. Bxg7 Kxg7 23. Qh6+ Kf6 24. g7+ 1-0

[Event "WSCC 50 Open 2017"]
[Site "?"]
[Date "2017.11.16"]
[Round "9"]
[White "Kannenberg, Karl-Heinz"]
[Black "Buchal, Stephan"]
[Result "1/2-1/2"]
[ECO "B06"]
[WhiteElo "2216"]
[BlackElo "2347"]
[PlyCount "143"]
[EventDate "2017.??.??"]
[EventType "swiss"]
[EventCountry "ITA"]
[SourceTitle "Acqui Terme"]
[TimeControl "40/5400+30:1800+30"]
[WhiteClock "0:01:19"]
[BlackClock "0:01:33"]

1. d4 g6 2. e4 Bg7 3. Nc3 d6 4. f4 a6 5. Nf3 b5 6. Bd3 Nd7 7. e5 c5 8. Be4 Rb8 9. O-O cxd4 10. Nxd4 dxe5 11. Nc6 Qb6+ 12. Kh1 Ngf6 13. Nxb8 Qxb8 14. fxe5 Nxe5 15. Bf4 O-O 16. Bf3 e6 17. Qe2 Nfd7 18. a4 bxa4 19. Nxa4 Qb4 20. Bd2 Qh4 21. Be1 Qh6 22. Bb4 Re8 23. Ba8 f5 24. Bc3 Ng4 25. h3 Ne3 26. Bxg7 Kxg7 27. Rfe1 f4 28. Bc6 Re7 29. b3 e5 30. Kg1 Nf6 31. c4 Qg5 32. Kh1 Nf5 33. Qb2 Kh6 34. Nc3 e4 35. Nd5 Nxd5 36. Bxd5 Ng3+ 37. Kh2 f3 38. Qf2 Nf5 39. Rxe4 Rxe4 40. Bxe4 Qf4+ 41. Kg1 Qxe4 42. Qd2+ g5 43. Re1 Qc6 44. g4 Nh4 45. Qd5 Qf6 46. Kf1 Ng6 47. Re3 Qa1+ 48. Kf2 Qb2+ 49. Kxf3 Qf6+ 50. Ke4 Be6 51. Qd6 Nf4 52. Qe5 Qd8 53. h4 Qa8+ 54. Kd4 Qd8+ 55. Kc3 Bxg4 56. b4 Kg6 57. Qe4+ Bf5 58. Qc6+ Kh5 59. hxg5 Qd1 60. Qf3+ Qxf3 61. Rxf3 Kxg5 62. c5 Kg4 63. Rf1 Bd7 64. Rg1+ Kf5 65. Rg7 Nd5+ 66. Kd4 Nf6 67. Rg1 Ke6 68. Re1+ Kf7 69. Ke5 Ke7 70. Kd4+ Kd8 71. Ke5 Ke7 72. Kd4+ 1/2-1/2

[Event "WSCC 50 Open 2017"]
[Site "?"]
[Date "2017.11.16"]
[Round "9"]
[White "Vebic, Kasem"]
[Black "Bagaturov, Giorgi"]
[Result "0-1"]
[ECO "A05"]
[WhiteElo "2118"]
[BlackElo "2399"]
[PlyCount "98"]
[EventDate "2017.??.??"]
[EventType "swiss"]
[EventCountry "ITA"]
[SourceTitle "Acqui Terme"]
[TimeControl "40/5400+30:1800+30"]
[WhiteClock "0:41:18"]
[BlackClock "0:03:02"]

1. Nf3 Nf6 2. c4 b6 3. g3 Bb7 4. Bg2 e6 5. O-O Be7 6. Nc3 O-O 7. d4 d5 8. Ne5 Na6 9. e3 c5 10. cxd5 exd5 11. b3 Nc7 12. Bb2 Ne6 13. Ne2 Bd6 14. h3 Re8 15. g4 cxd4 16. exd4 Nxd4 17. Nxd4 Bxe5 18. f4 Bd6 19. g5 Ne4 20. h4 Bf8 21. h5 g6 22. h6 f6 23. f5 Nxg5 24. Qd3 Re4 25. fxg6 hxg6 26. h7+ Kxh7 27. Bxe4 dxe4 28. Qd2 Bd6 29. Qe3 Qe7 30. Kg2 Be5 31. Rh1+ Kg7 32. Raf1 Rd8 33. Rh4 Bxd4 34. Bxd4 Rxd4 35. Qxd4 Nf3 36. Rfh1 Nxh4+ 37. Rxh4 g5 38. Rh3 e3+ 39. Kf1 Bg2+ 40. Kxg2 e2 41. Rh1 e1=Q 42. Rxe1 Qxe1 43. Qd7+ Kg6 44. Qxa7 Qa5 45. Qxa5 bxa5 46. a4 Kf5 47. b4 axb4 48. a5 b3 49. a6 b2 0-1

[Event "WSCC 50 Open 2017"]
[Site "?"]
[Date "2017.11.16"]
[Round "9"]
[White "Cetinkaya, Vedat Ali"]
[Black "Certek, Pavel"]
[Result "0-1"]
[ECO "A49"]
[WhiteElo "1968"]
[BlackElo "2295"]
[PlyCount "121"]
[EventDate "2017.??.??"]
[EventType "swiss"]
[EventCountry "ITA"]
[SourceTitle "Acqui Terme"]
[TimeControl "40/5400+30:1800+30"]
[WhiteClock "0:13:04"]
[BlackClock "0:07:35"]

1. d4 Nf6 2. Nf3 g6 3. g3 Bg7 4. Bg2 O-O 5. O-O c5 6. d5 d6 7. c4 Na6 8. Nc3 Nc7 9. e4 a6 10. a4 Rb8 11. a5 e6 12. dxe6 Bxe6 13. Qd3 Ng4 14. Na4 Qe7 15. Nb6 Rbd8 16. Qe2 Ne5 17. Ne1 Nc6 18. Nc2 Rfe8 19. Re1 Na8 20. Nd5 Bxd5 21. cxd5 Nd4 22. Nxd4 Bxd4 23. Be3 Bg7 24. Qd2 Nc7 25. Bg5 Bf6 26. Bxf6 Qxf6 27. b4 cxb4 28. Rab1 Qc3 29. Red1 Nb5 30. Rxb4 Qa3 31. Rc4 Rc8 32. Rdc1 Rxc4 33. Rxc4 Kg7 34. f3 Re7 35. Kf2 f6 36. Bh3 Qb3 37. Qc2 Qa3 38. Be6 Qxa5 39. Rc8 Rc7 40. Rg8+ Kh6 41. Qe2 Rc3 42. g4 Qb6+ 43. Kg2 Qd4 44. h4 Rc1 45. Kg3 Nc3 46. g5+ fxg5 47. hxg5+ Kxg5 48. f4+ Kf6 49. e5+ Ke7 50. exd6+ Kxd6 51. Qe5+ Qxe5 52. Rd8+ Kc5 53. fxe5 Kd4 54. Bc8 Kxe5 55. Bxb7 Ne4+ 56. Kf3 Rc3+ 57. Ke2 Nd6 58. Bxa6 Kxd5 59. Rh8 Rc7 60. Kf3 Ke5 61. Kg4 0-1

[Event "WSCC 50 Open 2017"]
[Site "?"]
[Date "2017.11.17"]
[Round "10"]
[White "Vasiukov, Evgeni"]
[Black "Shevelev, Arkady"]
[Result "1/2-1/2"]
[ECO "B40"]
[WhiteElo "2404"]
[BlackElo "2280"]
[PlyCount "52"]
[EventDate "2017.??.??"]
[EventType "swiss"]
[EventCountry "ITA"]
[SourceTitle "Acqui Terme"]
[TimeControl "40/5400+30:1800+30"]
[WhiteClock "0:54:58"]
[BlackClock "0:29:09"]

1. e4 c5 2. Nf3 e6 3. Nc3 Nc6 4. Bb5 Nd4 5. O-O a6 6. Bd3 Nc6 7. Re1 d6 8. Bf1 Nf6 9. d4 cxd4 10. Nxd4 Qc7 11. a4 Be7 12. Nb3 b6 13. Qf3 O-O 14. Qg3 Re8 15. f4 Nb4 16. Bd3 e5 17. f5 d5 18. Bh6 g6 19. Nxd5 Nfxd5 20. exd5 Nxd3 21. fxg6 hxg6 22. cxd3 Bb7 23. Rac1 Qd7 24. Nd2 Bxd5 25. Nc4 Bc5+ 26. Be3 Bxc4 1/2-1/2

[Event "WSCC 50 Open 2017"]
[Site "?"]
[Date "2017.11.17"]
[Round "10"]
[White "Lisenko, Alexander V"]
[Black "Beltz, Robert"]
[Result "*"]
[ECO "A00"]
[WhiteElo "2372"]
[BlackElo "2158"]
[PlyCount "80"]
[EventDate "2017.??.??"]
[EventType "swiss"]
[EventCountry "ITA"]
[SourceTitle "Acqui Terme"]
[TimeControl "40/5400+30:1800+30"]
[WhiteClock "0:06:47"]
[BlackClock "0:01:38"]

1. g3 e5 2. c4 d6 3. Bg2 f5 4. Nc3 Nf6 5. e3 Be7 6. Nge2 O-O 7. O-O c6 8. d3 Be6 9. f4 Nbd7 10. b3 Qb6 11. Qd2 Rae8 12. Bb2 Ng4 13. Nd1 Bf6 14. d4 exf4 15. exf4 Bf7 16. h3 Nh6 17. Bf3 g6 18. Kg2 Bg7 19. Nf2 Nf6 20. Nc3 d5 21. Ba3 Ne4 22. Bxe4 fxe4 23. Bxf8 Rxf8 24. c5 Qb4 25. Ncxe4 Qxd4 26. Qxd4 Bxd4 27. Nd6 Bxa1 28. Rxa1 b6 29. Rc1 b5 30. Nd3 d4 31. Nb4 Nf5 32. Nxf5 gxf5 33. Kf2 Rc8 34. Rd1 a5 35. Nc2 a4 36. Nxd4 Rd8 37. Rd2 a3 38. Ke1 Re8+ 39. Re2 Rxe2+ 40. Kxe2 Bd5 *

[Event "WSCC 50 Open 2017"]
[Site "?"]
[Date "2017.11.17"]
[Round "10"]
[White "Mantovani, Renzo"]
[Black "Schnelzer, Reinhold"]
[Result "*"]
[ECO "A37"]
[WhiteElo "2307"]
[BlackElo "2208"]
[PlyCount "170"]
[EventDate "2017.??.??"]
[EventType "swiss"]
[EventCountry "ITA"]
[SourceTitle "Acqui Terme"]
[TimeControl "40/5400+30:1800+30"]
[WhiteClock "0:02:18"]
[BlackClock "0:17:35"]

1. c4 c5 2. Nc3 Nc6 3. Nf3 g6 4. g3 Bg7 5. Bg2 e6 6. d3 Nge7 7. Bd2 O-O 8. Rb1 h6 9. a3 d6 10. b4 e5 11. O-O Rb8 12. Ne1 b6 13. Nc2 Be6 14. Ne3 Qd7 15. Ned5 f5 16. b5 Nd8 17. a4 f4 18. Nxe7+ Qxe7 19. Nd5 Bxd5 20. Bxd5+ Kh7 21. e3 fxg3 22. hxg3 Ne6 23. Qg4 Rf6 24. f4 Rbf8 25. Bc3 Nc7 26. Be4 Qe6 27. Qh4 R6f7 28. Qh1 exf4 29. Bxg7 Kxg7 30. gxf4 Rd8 31. Qg2 Kh7 32. Rf3 d5 33. cxd5 Nxd5 34. Rg3 Ne7 35. Kh2 Nf5 36. Bxf5 Rxf5 37. Qe4 Qa2+ 38. Rg2 Rh5+ 39. Kg3 Qf7 40. Rbg1 Rhd5 41. Kf3 R5d6 42. Rxg6 Rxg6 43. Rxg6 Qxg6 44. Qe7+ Qg7 45. Qxd8 Qf7 46. e4 c4 47. dxc4 Qxc4 48. Qd7+ Kh8 49. Qe8+ Kh7 50. Kg4 Qf1 51. Qf7+ Kh8 52. Qf6+ Kh7 53. Qe7+ Kg8 54. Qd8+ Kg7 55. Qc7+ Kg8 56. Qb8+ Kg7 57. Qxa7+ Kg8 58. Qb8+ Kg7 59. Qc7+ Kg8 60. Kf5 Qh3+ 61. Ke5 Qh5+ 62. Ke6 Qg6+ 63. Kd5 h5 64. Qd8+ Kf7 65. Qd7+ Kf8 66. f5 Qg4 67. Qd8+ Kf7 68. Qc7+ Kf8 69. Qb8+ Kf7 70. Qb7+ Kf8 71. Ke6 Qg8+ 72. Kf6 Qh8+ 73. Kg6 Qg8+ 74. Kxh5 Qh8+ 75. Kg5 Qg8+ 76. Kf4 Qa2 77. Qc8+ Kg7 78. Qd7+ Kh8 79. Ke5 Qh2+ 80. Ke6 Qh1 81. e5 Qh3 82. Ke7 Qh4+ 83. f6 Qh7+ 84. Kd8 Qf7 85. Qe8+ Qf8 {Qd7 Qb4 Ke7} *

[Event "WSCC 50 Open 2017"]
[Site "?"]
[Date "2017.11.17"]
[Round "10"]
[White "Kierzek, Matthias"]
[Black "Pritchett, Craig W"]
[Result "*"]
[ECO "A37"]
[WhiteElo "2252"]
[BlackElo "2280"]
[PlyCount "79"]
[EventDate "2017.??.??"]
[EventType "swiss"]
[EventCountry "ITA"]
[SourceTitle "Acqui Terme"]
[TimeControl "40/5400+30:1800+30"]
[WhiteClock "0:02:23"]
[BlackClock "0:08:21"]

1. c4 c5 2. Nc3 Nc6 3. Nf3 g6 4. g3 Bg7 5. Bg2 e6 6. d3 Nge7 7. Bd2 O-O 8. Rb1 h6 9. a3 d6 10. b4 e5 11. O-O Rb8 12. Ne1 b6 13. Nc2 Be6 14. Ne3 Qd7 15. Ned5 f5 16. b5 Nd8 17. a4 f4 18. Nxe7+ Qxe7 19. Nd5 Bxd5 20. Bxd5+ Kh7 21. e3 fxg3 22. hxg3 Ne6 23. Qg4 Rf6 24. f4 Rbf8 25. Bc3 Nc7 26. Be4 Qe6 27. Qh4 R6f7 28. Qh1 exf4 29. Bxg7 Kxg7 30. gxf4 Rd8 31. Qg2 Kh7 32. Rf3 d5 33. cxd5 Nxd5 34. Rg3 Ne7 35. Kh2 Nf5 36. Bxf5 Rxf5 37. Qe4 Qa2+ 38. Rg2 Rh5+ 39. Kg3 Qf7 40. Rbg1 *

[Event "WSCC 50 Open 2017"]
[Site "?"]
[Date "2017.11.17"]
[Round "10"]
[White "Frick, Christoph"]
[Black "Vogt, Lothar"]
[Result "1-0"]
[ECO "C04"]
[WhiteElo "2230"]
[BlackElo "2398"]
[PlyCount "53"]
[EventDate "2017.??.??"]
[EventType "swiss"]
[EventCountry "ITA"]
[SourceTitle "Acqui Terme"]
[TimeControl "40/5400+30:1800+30"]
[WhiteClock "0:17:41"]
[BlackClock "0:01:08"]

1. e4 Nc6 2. Nf3 e6 3. d4 d5 4. Nbd2 Nf6 5. e5 Nd7 6. Be2 f6 7. exf6 Qxf6 8. Nf1 Bd6 9. Ne3 O-O 10. O-O Qg6 11. g3 e5 12. Nxd5 exd4 13. Nxd4 Nxd4 14. Qxd4 Nc5 15. Bf4 Qxc2 16. Bc4 Kh8 17. Nxc7 Bxf4 18. Qxc5 Bh3 19. Nxa8 Rxa8 20. gxf4 h6 21. Qh5 Bxf1 22. Bxf1 Rf8 23. Qe5 Qg6+ 24. Bg2 Re8 25. Qc3 Qf5 26. Re1 Rc8 27. Bh3 1-0

[Event "WSCC 50 Open 2017"]
[Site "?"]
[Date "2017.11.18"]
[Round "11"]
[White "Buchal, Stephan"]
[Black "Contin, Daniel"]
[Result "1/2-1/2"]
[ECO "C00"]
[WhiteElo "2347"]
[BlackElo "2272"]
[PlyCount "29"]
[EventDate "2017.??.??"]
[EventType "swiss"]
[EventCountry "ITA"]
[SourceTitle "Acqui Terme"]
[TimeControl "40/5400+30:1800+30"]
[WhiteClock "0:24:21"]
[BlackClock "0:48:37"]

1. e4 e6 2. d3 c5 3. Nf3 Nc6 4. g3 d6 5. Bg2 g6 6. O-O Bg7 7. c3 e5 8. Na3 Nge7 9. d4 exd4 10. cxd4 Bg4 11. dxc5 dxc5 12. Qb3 O-O 13. Qxb7 Qd3 14. Qb3 Rfd8 15. Be3 1/2-1/2

[Event "WSCC 50 Open 2017"]
[Site "?"]
[Date "2017.11.18"]
[Round "11"]
[White "Jhunjhnuwala, Krishan"]
[Black "Mannion, Stephen R"]
[Result "0-1"]
[ECO "C24"]
[WhiteElo "2340"]
[BlackElo "2294"]
[PlyCount "84"]
[EventDate "2017.??.??"]
[EventType "swiss"]
[EventCountry "ITA"]
[SourceTitle "Acqui Terme"]
[TimeControl "40/5400+30:1800+30"]
[WhiteClock "0:03:02"]
[BlackClock "0:02:12"]

1. e4 e5 2. Bc4 Nf6 3. d3 Nc6 4. Nc3 Na5 5. Bb3 c6 6. f4 Nxb3 7. axb3 exf4 8. Bxf4 d5 9. e5 Bg4 10. Nf3 Nd7 11. d4 Be7 12. O-O Nf8 13. h3 Bh5 14. Qd2 Ne6 15. Be3 O-O 16. Ne2 f5 17. exf6 Bxf6 18. Rae1 Bxf3 19. Rxf3 Ng5 20. Bxg5 Bxg5 21. Rxf8+ Kxf8 22. Qd3 Kg8 23. c4 Qe7 24. Rd1 Rd8 25. Kh1 Bf6 26. Qf3 Qf7 27. Qd3 dxc4 28. bxc4 c5 29. d5 Bxb2 30. Ng3 g6 31. Ne4 Be5 32. Nxc5 Qf4 33. g3 Qf2 34. Ne4 Qf5 35. Kg2 Kg7 36. Rf1 Qd7 37. Nc5 Qe7 38. Ne6+ Qxe6 39. dxe6 Rxd3 40. e7 Rxg3+ 41. Kf2 Kf7 42. Re1 Rg5 0-1

[Event "WSCC 50 Open 2017"]
[Site "?"]
[Date "2017.11.18"]
[Round "11"]
[White "Welling, Gerard"]
[Black "Mantovani, Renzo"]
[Result "1-0"]
[ECO "B00"]
[WhiteElo "2316"]
[BlackElo "2307"]
[PlyCount "63"]
[EventDate "2017.??.??"]
[EventType "swiss"]
[EventCountry "ITA"]
[SourceTitle "Acqui Terme"]
[TimeControl "40/5400+30:1800+30"]
[WhiteClock "0:13:01"]
[BlackClock "0:04:52"]

1. e4 d6 2. Nc3 a6 3. a4 c5 4. g3 g6 5. Bg2 Bg7 6. d3 Nf6 7. f4 Nc6 8. Nf3 Rb8 9. O-O b5 10. axb5 axb5 11. h3 O-O 12. g4 Ne8 13. Ne2 Nc7 14. f5 b4 15. Qe1 Nb5 16. Qh4 Nbd4 17. Nexd4 Nxd4 18. Nxd4 cxd4 19. Bh6 b3 20. cxb3 Rxb3 21. g5 gxf5 22. exf5 Rxb2 23. Bxg7 Kxg7 24. f6+ exf6 25. gxf6+ Kh8 26. Be4 Rg8+ 27. Kh1 Rg6 28. Ra8 Qc7 29. Rxc8+ Qxc8 30. Bxg6 fxg6 31. f7 Kg7 32. Qxd4+ 1-0

[Event "WSCC 50 Open 2017"]
[Site "?"]
[Date "2017.11.18"]
[Round "11"]
[White "Certek, Pavel"]
[Black "Reprintsev, Alexander"]
[Result "0-1"]
[ECO "D08"]
[WhiteElo "2295"]
[BlackElo "2361"]
[PlyCount "86"]
[EventDate "2017.??.??"]
[EventType "swiss"]
[EventCountry "ITA"]
[SourceTitle "Acqui Terme"]
[TimeControl "40/5400+30:1800+30"]
[WhiteClock "0:10:00"]
[BlackClock "1:06:59"]

1. d4 d5 2. c4 e5 3. dxe5 d4 4. a3 Nc6 5. e3 Nge7 6. Nf3 Bg4 7. Be2 Bxf3 8. Bxf3 dxe3 9. Qxd8+ Rxd8 10. Bxe3 Nxe5 11. Nd2 Nf5 12. Ke2 Nxe3 13. fxe3 c6 14. b4 Be7 15. b5 O-O 16. Ra2 Rfe8 17. Rc1 Nxf3 18. gxf3 Rd6 19. Nf1 Rg6 20. Kf2 Rd8 21. Rcc2 Kf8 22. a4 Bb4 23. Rab2 c5 24. Rb1 Rd3 25. Ra1 h5 26. Rcc1 Rgd6 27. f4 h4 28. Ke2 Rb3 29. Rab1 Ra3 30. Ra1 Rdd3 31. Rxa3 Rxa3 32. f5 Rxa4 33. Kf3 Ra3 34. h3 a5 35. bxa6 bxa6 36. Ke4 a5 37. Rc2 Ra1 38. Nh2 Rh1 39. Kd5 a4 40. e4 Rd1+ 41. Kc6 Rd2 42. Rxd2 Bxd2 43. Nf3 Bc3 0-1

[Event "WSCC 50 Open 2017"]
[Site "?"]
[Date "2017.11.18"]
[Round "11"]
[White "Prasad, Devaki V"]
[Black "Brendel, Oliver"]
[Result "1/2-1/2"]
[ECO "B27"]
[WhiteElo "2290"]
[BlackElo "2334"]
[PlyCount "82"]
[EventDate "2017.??.??"]
[EventType "swiss"]
[EventCountry "ITA"]
[SourceTitle "Acqui Terme"]
[TimeControl "40/5400+30:1800+30"]
[WhiteClock "0:04:07"]
[BlackClock "0:01:37"]

1. e4 c5 2. Nf3 g6 3. d4 cxd4 4. Nxd4 Bg7 5. Nc3 Nc6 6. Nb3 Bxc3+ 7. bxc3 Nf6 8. Bd3 d5 9. exd5 Qxd5 10. O-O Bf5 11. c4 Qd7 12. Nc5 Qc8 13. Bxf5 Qxf5 14. Nxb7 O-O 15. Rb1 Rfc8 16. h3 Rc7 17. Be3 Ne4 18. Qe1 Rb8 19. Rb5 Qe6 20. Nc5 Qxc4 21. Rxb8+ Nxb8 22. Qa5 Rc8 23. Nxe4 Qxe4 24. Qxa7 Nc6 25. Qa6 Rd8 26. c4 f5 27. Re1 Ne5 28. Bd2 Qxc4 29. Qb6 Rxd2 30. Qb8+ Kf7 31. Qxe5 Rd7 32. a3 Qd5 33. Qh8 h5 34. h4 Qb3 35. Kh2 Qxa3 36. Qh7+ Kf6 37. Re3 Rd3 38. Qh8+ Kf7 39. Qh7+ Kf6 40. Qh8+ Kf7 41. Qh7+ Kf6 1/2-1/2

[Event "WSCC 50 Open 2017"]
[Site "?"]
[Date "2017.11.18"]
[Round "11"]
[White "Fritsch, Rolf"]
[Black "Spiess, Thomas"]
[Result "1-0"]
[ECO "D00"]
[WhiteElo "2213"]
[BlackElo "2009"]
[PlyCount "67"]
[EventDate "2017.??.??"]
[EventType "swiss"]
[EventCountry "ITA"]
[SourceTitle "Acqui Terme"]
[TimeControl "40/5400+30:1800+30"]
[WhiteClock "0:04:31"]
[BlackClock "0:01:43"]

1. d4 d5 2. Bf4 Nf6 3. e3 c5 4. c3 Nc6 5. Nd2 Bf5 6. Qb3 Qc8 7. dxc5 e5 8. Bg5 Be6 9. Bxf6 gxf6 10. e4 d4 11. Bc4 Bxc5 12. Ngf3 O-O 13. Bxe6 fxe6 14. cxd4 Bxd4 15. O-O Qd7 16. Nc4 Kh8 17. a4 Rg8 18. Rad1 Rg4 19. Rfe1 Rag8 20. g3 h5 21. Kf1 Qg7 22. Ne3 Bxe3 23. Rxe3 h4 24. Qxe6 hxg3 25. hxg3 Qh6 26. Rd7 Nd4 27. Nxd4 exd4 28. Rxd4 Qh1+ 29. Ke2 R4g6 30. e5 Qh5+ 31. Kd2 Qg5 32. Rh4+ Rh6 33. Rxh6+ Qxh6 34. Qxf6+ 1-0

[Event "WSCC 50 Open 2017"]
[Site "?"]
[Date "2017.11.18"]
[Round "11"]
[White "Biro, Sandor"]
[Black "Astengo, Marcello"]
[Result "1-0"]
[ECO "C02"]
[WhiteElo "2168"]
[BlackElo "1997"]
[PlyCount "62"]
[EventDate "2017.??.??"]
[EventType "swiss"]
[EventCountry "ITA"]
[SourceTitle "Acqui Terme"]
[TimeControl "40/5400+30:1800+30"]
[WhiteClock "0:01:59"]
[BlackClock "0:30:27"]

1. e4 e6 2. d4 d5 3. e5 c5 4. c3 Nc6 5. Nf3 Qb6 6. a3 Bd7 7. b4 c4 8. a4 f6 9. Be2 fxe5 10. dxe5 Qc7 11. O-O Nxe5 12. Nxe5 Qxe5 13. Re1 Qf6 14. Bh5+ Kd8 15. Nd2 Qxc3 16. Rb1 Nf6 17. Bb2 Qd3 18. Re3 Qf5 19. Re5 Qd3 20. Re3 Qf5 21. g4 Qf4 22. Rf3 Qh6 23. Nf1 Nxh5 24. gxh5 Bd6 25. Bc1 g5 26. h4 Kc7 27. Ng3 Rhg8 28. Qd4 Raf8 29. hxg5 Rxg5 30. Rxf8 Bxf8 31. Qf4+ Bd6 1-0

[Event "WSCC 50 Open 2017"]
[Site "?"]
[Date "2017.11.18"]
[Round "11"]
[White "Cetinkaya, Vedat Ali"]
[Black "Grant, Jonathan I M"]
[Result "0-1"]
[ECO "A46"]
[WhiteElo "1968"]
[BlackElo "2179"]
[PlyCount "44"]
[EventDate "2017.??.??"]
[EventType "swiss"]
[EventCountry "ITA"]
[SourceTitle "Acqui Terme"]
[TimeControl "40/5400+30:1800+30"]
[WhiteClock "0:12:37"]
[BlackClock "0:21:37"]

1. d4 Nf6 2. Nf3 e6 3. g3 b5 4. Bg2 d5 5. O-O Nbd7 6. b3 Be7 7. c4 bxc4 8. bxc4 c6 9. Qc2 O-O 10. Bf4 Ba6 11. Nbd2 c5 12. dxc5 Nxc5 13. Rfe1 Rc8 14. Rac1 Nce4 15. Qa4 Nc5 16. Qc2 h6 17. h4 Qa5 18. Qb1 Nce4 19. Qb3 Bb4 20. Qe3 Ng4 21. Nb3 Nxe3 22. Nxa5 Nxg2 0-1